 Dungeon Crawl Stone Soup version 0.29.1-1-gd02db6906a (webtiles) character file.

Game seed: 2288951497686386662

60729 LabCoat the Severer (level 15, -4/132 HPs)
             Began as a Hill Orc Fighter on Sept 30, 2022.
             Was a High Priest of Trog.
             Killed from afar by an ogre mage (31 damage)
             ... with a bolt of magma
             ... on level 1 of the Orcish Mines on Oct 1, 2022.
             The game lasted 01:36:50 (22666 turns).

LabCoat the Severer (Hill Orc Fighter)             Turns: 22666, Time: 01:36:50

Health: -4/132     AC: 33    Str: 33    XL:     15   Next: 0%
Magic:  15/15      EV: 12    Int: 11    God:    Trog [*****.]
Gold:   1321       SH:  5    Dex: 10    Spells: 14/14 levels left

rFire   . . .      SeeInvis .   P - +5 battleaxe (vorpal)
rCold   . . .      Faith    .   (shield currently unavailable)
rNeg    . . .      Spirit   .   l - +18 Lear's hauberk
rPois   .          Reflect  +   (helmet currently unavailable)
rElec   +          Harm     .   (no cloak)
rCorr   .          Rampage  .   (gloves currently unavailable)
Will    +....                   (boots currently unavailable)
Stlth   ..........              w - amulet "Ydoasush" {Reflect rElec Int+3 SH+5}
HPRegen 0.32/turn               J - +4 ring of protection
MPRegen 0.14/turn               I - +6 ring of strength

@: on berserk cooldown, slowed, very slow
A: no striking features
a: Renounce Religion, Berserk, Trog's Hand, Brothers in Arms


You were on level 1 of the Orcish Mines.
You worshipped Trog.
Trog was extremely pleased with you.
You visited 4 branches of the dungeon, and saw 18 of its levels.
You also visited: Ossuary and Bailey.

You collected 1321 gold pieces.

Inventory:

Hand Weapons
 a - a +1 war axe
 P - a +5 vorpal battleaxe (weapon)
 Q - a +2 morningstar of protection
Missiles
 s - 2 throwing nets
 t - 41 poisoned darts
 u - 5 javelins
 A - 2 boomerangs (quivered)
 B - 3 curare-tipped darts
Armour
 c - a +0 buckler
 f - a +0 plate armour
 g - a +1 pair of boots of rampaging
 k - a +0 cloak of poison resistance
 l - the +18 Lear's hauberk (worn)
   (You acquired it in a bailey)
 o - a +1 pair of gloves of infusion
 p - a +0 helmet
Jewellery
 w - the amulet "Ydoasush" (around neck) {Reflect rElec Int+3 SH+5}
   (You found it on level 5 of the Dungeon)

   [amulet of reflection]

   It reflects blocked missile attacks.
   Int:       It affects your intelligence (+3).
   rElec:     It insulates you from electricity.
   SH:        It affects your SH (+5).
 H - a ring of ice
 I - a +6 ring of strength (right hand)
 J - a +4 ring of protection (left hand)
 M - a +6 ring of dexterity
Wands
 e - a wand of polymorph (5)
 G - a wand of flame (1)
 O - a wand of digging (6)
Scrolls
 h - a scroll of fog
 m - a scroll of blinking
 n - 2 scrolls of enchant weapon
 r - a scroll of torment {unknown}
 v - 3 scrolls of teleportation
 x - 2 scrolls of fear
 y - 2 scrolls of summoning
 D - 3 scrolls of identify
 E - a scroll of poison
 L - a scroll of enchant armour {unknown}
 N - a scroll of magic mapping
Potions
 b - 4 potions of brilliance
 i - 6 potions of curing
 j - 4 potions of flight
 q - 6 potions of magic
 z - a potion of haste {unknown}
 C - a potion of degeneration {unknown}
 F - 2 potions of cancellation
 K - 3 potions of might


   Skills:
 + Level 11.9 Fighting
 * Level 17.3 Axes
 + Level 8.6 Throwing
 + Level 10.8 Armour
 + Level 7.9 Dodging
 - Level 10.3 Shields
 + Level 9.3 Evocations


You had 14 spell levels left.
You didn't know any spells.
Your spell library contained the following spells:

 Spells                   Type           Power      Damage    Failure   Level
 Magic Dart               Conj           0%         1d3       77%         1
 Call Imp                 Summ           0%         N/A       88%         2
 Call Canine Familiar     Summ           0%         N/A       98%         3
 Mephitic Cloud           Conj/Pois/Air  0%         N/A       98%         3
 Portal Projectile        Hex/Tloc       0%         N/A       98%         3
 Leda's Liquefaction      Hex/Erth       0%         N/A       100%        4
 Freezing Cloud           Conj/Ice/Air   0%         6-21      100%        5
 Simulacrum               Ice/Necr       0%         N/A       100%        6
 Polar Vortex             Ice            0%         N/A       100%        9


Dungeon Overview and Level Annotations

Branches:
Dungeon (10/15)            Temple (1/1) D:6            Lair (5/5) D:8
  Swamp (0/4) Lair:3        Snake (0/4) Lair:3        Slime (0/5) Lair:5
    Orc (2/2) D:10            Elf (0/3) Orc:2       Ossuary (visited)
 Bailey (visited)

Altars:
Ashenzari
Cheibriados
Dithmenos
Elyvilon
Fedhas
Gozag
Hepliaklqana
Kikubaaqudgha
Makhleb
Nemelex Xobeh
Okawaru
Qazlal
Ru
Sif Muna
Trog
Uskayaw
Vehumet
Wu Jian
Xom
Yredelemnul
Zin
The Shining One
Jiyva

Shops:
D:4 :   Orc:2 [(

Annotations:
D:4 2 transporters, mif's ghost, amateur MiBe
D:5 2 runed translucent doors


Message History

You feel stronger. x3
You completely miss something.
You are no longer berserk.
You are exhausted.
You feel yourself slow down.
You hit something. Something hits you but does no damage. The troll bites you!
* * * LOW HITPOINT WARNING * * *
The troll claws you but does no damage. The troll barely misses you.
Okay, then.
As you read the scroll of fear, it crumbles to dust.
You assume a fearsome visage.
The troll looks frightened! x2
The ogre looks frightened!
Something hits you but does no damage.
You feel the effects of Trog's Hand fading.
Things that are here:
a +0 giant spiked club; a troll corpse; an ogre corpse An ogre comes into view.
It is wielding a +0 giant club.
You hear some strange, mumbled words.
The ogre seems to speed up.
A two-headed ogre comes into view. It is wielding two +0 giant clubs.
An ogre comes into view. It is wielding a +0 giant spiked club.
Something hits you.
* * * LOW HITPOINT WARNING * * *
There is a stone staircase leading up here.
Your skin stops crawling.
You feel less strong-willed. You block something's attack.
You climb upwards.
Reactivating autopickup.
There is a stone staircase leading down here.
Deactivating autopickup; reactivate with Ctrl-A.
You hit something but do no damage. Something hits you but does no damage.
You closely miss something. Something hits you!
* * * LOW HITPOINT WARNING * * *
You slash something! Something hits you.
* * * LOW HITPOINT WARNING * * *
Okay, then.
You completely miss something.
You hear some strange, mumbled words.
A bolt of magma appears from out of thin air!
The bolt of magma hits you!!
You die...

.## ##.##.....#.............## ##
#.........#...#..........##
##.##.....#...#....###..#.##
###.#.......................#
##..........................###
#....#........................#
#.....#...........[.......#....
###................[......####.#
##.#.........>..@.[><[.#....#####
#...............{..)[[.......#
#...........................##
...............#.............#
#...............#...###......####
#...............#...###.##....#.#
##..................##...........
###.....#.........####.##.#..#.#
##.##........#...### ##.#....###


There were no monsters in sight!

Vanquished Creatures
  Gastronok (Lair:1)
  An orc warlord (Orc:2)
  2 dire elephants (Lair:5)
  3 hydras
  A catoblepas (Lair:5)
  A boulder beetle (Lair:4)
  An ogre mage (Orc:2)
  8 two-headed ogres
  6 death yaks (Lair:3)
  Amaemon (Lair:1)
  2 bog bodies (Lair:3)
  A lindwurm (Lair:5)
  2 orc knights
  4 orc sorcerers
  A wolf spider (Lair:5)
  A cyclops (Orc:2)
  2 manticores (Lair:5)
  4 elephants (Lair:4)
  7 black mambas
  An orange demon (Lair:1)
  A molten gargoyle (Lair:5)
  7 cane toads
  5 rime drakes
  Maggie (D:10)
  9 komodo dragons
  3 kobold demonologists
  7 trolls
  3 polar bears
  14 blink frogs
  2 dream sheep (Lair:5)
  A vampire (D:9)
  Eustachio (D:4)
  43 yaks
  5 wyverns
  3 fire bats (Lair:5)
  A wraith (D:10)
  3 basilisks
  2 steam dragons
  3 nagas (Lair:3)
  4 wargs
  13 water moccasins
  An acid dragon (D:10)
  7 black bears
  27 orc warriors
  6 sky beasts
  An ice beast (D:5)
  3 centaurs
  16 wolves
  12 ogres
  2 elf zombies (Ossuary)
  2 phantoms
  5 kobold brigands
  A gnoll sergeant (D:5)
  Blork the orc (D:6)
  8 bullfrogs
  3 scorpions
  9 killer bees
  4 howler monkeys
  7 electric eels
  A centaur zombie (Ossuary)
  7 hounds
  4 human zombies (Ossuary)
  A gnoll bouda (D:7)
  5 orc priests
  4 jellies
  6 iguanas
  7 orc wizards
  2 mummies (Ossuary)
  Robin (D:2)
  7 adders
  16 gnolls
  A shadow imp (D:6)
  A white imp (D:7)
  2 ufetubi
  An adder zombie (Ossuary)
  3 dart slugs
  39 orcs
  4 bats
  6 endoplasms
  4 giant cockroaches
  21 goblins
  13 hobgoblins
  6 jackals
  5 quokkas
  7 ball pythons
  4 frilled lizards
  A goblin zombie (Ossuary)
  13 hobgoblin zombies (Ossuary)
  40 kobolds
  10 kobold zombies (Ossuary)
  5 orc zombies (Ossuary)
  2 rats (D:2)
545 creatures vanquished.

Vanquished Creatures (collateral kills)
  2 hydras
  A catoblepas (Lair:5)
  An elephant (Lair:4)
  A cane toad (Lair:4)
  2 blink frogs (Lair:5)
  2 yaks (Lair:5)
  A water moccasin (Lair:5)
  A wolf (Lair:5)
  A gnoll (Bailey)
12 creatures vanquished.

Vanquished Creatures (others)
  A bush (Lair:3)
  19 fungi
  25 plants
45 creatures vanquished.

Grand Total: 602 creatures vanquished

Notes
Turn   | Place    | Note
-------+----------+-------------------------------------------
     0 | D:1      | LabCoat the Hill Orc Fighter began the quest for the Orb.
     0 | D:1      | Reached XP level 1. HP: 19/19 MP: 1/1
     1 | D:1      | Noticed an electric eel
   347 | D:1      | Reached skill level 3 in Axes
   432 | D:1      | Reached XP level 2. HP: 24/27 MP: 2/2
  1490 | D:2      | Reached XP level 3. HP: 32/33 MP: 3/3
  1661 | D:2      | Noticed Robin
  1692 | D:2      | Killed Robin
  1693 | D:2      | Reached XP level 4. HP: 32/40 MP: 4/4
  1863 | D:2      | Reached skill level 4 in Axes
  1863 | D:2      | Reached skill level 1 in Evocations
  2423 | D:3      | Reached skill level 1 in Throwing
  2502 | D:3      | Reached XP level 5. HP: 37/46 MP: 5/5
  2516 | D:3      | Reached skill level 1 in Dodging
  3517 | D:4      | Reached XP level 6. HP: 53/53 MP: 6/6
  3518 | D:4      | Noticed Eustachio
  3653 | D:4      | Killed Eustachio
  3654 | D:4      | Reached skill level 5 in Axes
  4071 | D:4      | Reached XP level 7. HP: 60/60 MP: 7/7
  4071 | D:4      | Found a transporter.
  4192 | D:4      | Noticed mif's ghost (amateur MiBe)
  4248 | D:4      | Found a transporter.
  4254 | D:4      | Identified the +10 spear of Oteyh {venom, rF+ MP+9 Str+4
                  | SInv}
  4305 | D:4      | Found a white marble altar of Elyvilon.
  4455 | D:4      | Found Jocwo's Book Shop.
  4489 | D:5      | Entered Level 5 of the Dungeon
  4788 | D:5      | Found an ornate altar of the Wu Jian Council.
  4959 | D:5      | Identified the amulet "Ydoasush" {Reflect rElec Int+3 SH+5}
  4966 | D:5      | Identified the +1 war axe of the Boiling Point {drain,
                  | *Noise Dex+4 SInv}
  5017 | D:5      | Reached skill level 6 in Axes
  5096 | D:5      | Reached skill level 5 in Fighting
  5424 | D:5      | Reached XP level 8. HP: 51/68 MP: 8/8
  5544 | D:5      | Found a runed translucent door.
  5548 | D:5      | Found a runed translucent door.
  5808 | D:5      | Reached skill level 7 in Axes
  5808 | D:5      | Reached skill level 5 in Armour
  5938 | D:6      | Reached skill level 5 in Shields
  6039 | D:6      | Identified the +0 robe of Forking Paths {rCorr}
  6325 | D:6      | Found a staircase to the Ecumenical Temple.
  6333 | Temple   | Entered the Ecumenical Temple
  6375 | Temple   | Became a worshipper of Trog the Wrathful
  6540 | D:6      | Reached skill level 8 in Axes
  6540 | D:6      | Reached XP level 9. HP: 75/75 MP: 9/9
  6569 | D:6      | Noticed Blork the orc
  6579 | D:6      | Killed Blork the orc
  7257 | D:7      | Found a flagged portal.
  7266 | Bailey   | Entered a bailey
  7422 | Bailey   | HP: 3/75 [orc warrior/+0 war axe (10)]
  7777 | Bailey   | Reached * piety under Trog
  7778 | Bailey   | Reached skill level 9 in Axes
  8185 | Bailey   | Reached XP level 10. HP: 26/84 MP: 10/10
  8460 | Bailey   | Found an iron altar of Okawaru.
  8462 | Bailey   | Noticed an orc sorcerer
  8462 | Bailey   | Noticed a kobold demonologist
  8465 | Bailey   | Noticed a smoke demon
  8467 | Bailey   | Noticed an orange demon
  8473 | Bailey   | Killed an orc sorcerer
  8480 | Bailey   | Killed a kobold demonologist
  8481 | Bailey   | Reached skill level 10 in Axes
  8814 | Bailey   | Acquired the +18 Lear's hauberk
  8814 | Bailey   | Found the +18 Lear's hauberk
  9043 | D:7      | Reached skill level 5 in Evocations
  9631 | D:8      | Found a sand-covered staircase.
  9641 | Ossuary  | Entered an ossuary
  9673 | Ossuary  | Reached ** piety under Trog
  9981 | D:8      | Reached *** piety under Trog
 10454 | D:8      | Reached skill level 5 in Throwing
 10566 | D:8      | Reached skill level 11 in Axes
 10620 | D:8      | Found a staircase to the Lair.
 10828 | Lair:1   | Entered Level 1 of the Lair of Beasts
 10829 | Lair:1   | Noticed a four-headed hydra
 10894 | Lair:1   | Killed a four-headed hydra
 10895 | Lair:1   | Reached XP level 11. HP: 94/94 MP: 11/11
 10985 | Lair:1   | Noticed Amaemon
 11001 | Lair:1   | Killed Amaemon
 11238 | Lair:1   | Reached skill level 5 in Dodging
 11445 | Lair:1   | Noticed Gastronok
 11469 | Lair:1   | Killed Gastronok
 11470 | Lair:1   | Reached skill level 12 in Axes
 12550 | Lair:2   | You fall into a shaft and drop 1 floor!
 12738 | Lair:3   | Noticed a six-headed hydra
 12750 | Lair:3   | Killed a six-headed hydra
 13151 | Lair:3   | Found a staircase to the Snake Pit.
 13158 | Lair:3   | Reached XP level 12. HP: 91/103 MP: 12/12
 13172 | Lair:3   | Reached skill level 13 in Axes
 13174 | Lair:3   | Reached **** piety under Trog
 13806 | Lair:3   | Noticed a death yak
 13811 | Lair:3   | Noticed a death yak
 13813 | Lair:3   | Noticed a death yak
 13817 | Lair:3   | Noticed a death yak
 13818 | Lair:3   | Noticed a death yak
 13819 | Lair:3   | Noticed a death yak
 13840 | Lair:3   | Killed a death yak
 13841 | Lair:3   | HP: 3/156 [death yak (19)]
 13843 | Lair:3   | Killed a death yak
 13843 | Lair:3   | Killed a death yak
 13843 | Lair:3   | Killed a death yak
 13848 | Lair:3   | HP: 5/156 [death yak (4)]
 13850 | Lair:3   | Killed a death yak
 13855 | Lair:3   | Killed a death yak
 14137 | Lair:3   | Found a staircase to the Swamp.
 14156 | Lair:3   | Reached skill level 14 in Axes
 15230 | Lair:4   | Reached XP level 13. HP: 113/113 MP: 13/13
 15497 | Lair:4   | Reached skill level 10 in Fighting
 16477 | Lair:4   | Reached skill level 15 in Axes
 17085 | Lair:5   | Entered Level 5 of the Lair of Beasts
 17931 | Lair:5   | Reached XP level 14. HP: 86/122 MP: 14/14
 18196 | Lair:5   | Reached skill level 10 in Armour
 18404 | Lair:5   | Found a viscous altar of Jiyva.
 18404 | Lair:5   | Found a staircase to the Slime Pits.
 18477 | Lair:5   | Reached skill level 16 in Axes
 18477 | Lair:5   | Reached skill level 10 in Shields
 18549 | Lair:5   | Noticed a dire elephant
 18573 | Lair:5   | Killed a dire elephant
 18772 | Lair:5   | Identified the +4 arbalest of Eternity {flame, rF- Str+4
                  | Int+3 Dex+3}
 18799 | Lair:5   | Reached ***** piety under Trog
 18812 | Lair:5   | Noticed a dire elephant
 19229 | Lair:5   | Killed a dire elephant
 20274 | D:9      | Found a shadowy altar of Dithmenos.
 20276 | D:9      | Found a glowing silver altar of Zin.
 20330 | D:10     | Entered Level 10 of the Dungeon
 20854 | D:10     | Noticed Maggie
 20875 | D:10     | Killed Maggie
 21182 | D:10     | Found a staircase to the Orcish Mines.
 21245 | D:10     | Received a gift from Trog
 21635 | Orc:1    | Entered Level 1 of the Orcish Mines
 22285 | Orc:2    | Entered Level 2 of the Orcish Mines
 22285 | Orc:2    | Found a staircase to the Elven Halls.
 22309 | Orc:2    | Noticed an orc warlord
 22589 | Orc:2    | Killed an orc warlord
 22624 | Orc:2    | Found Mobuk's Armour Shop.
 22635 | Orc:2    | Reached skill level 17 in Axes
 22643 | Orc:2    | Found Icluer's Antique Weapon Boutique.
 22654 | Orc:2    | Reached XP level 15. HP: 57/132 MP: 15/15
 22666 | Orc:1    | Killed from afar by an ogre mage

Illustrated notes

Levels and vault maps discovered:
D:1:      arrival_aquarium_a, layout_basic
D:2:      layout_basic, minmay_misc_feat_four_crosses, grunt_ministairs_15,
          uniq_robin
D:3:      layout_basic, amcnicky_mini_corridor_feature
D:4:      layout_basic, nicolae_elyvilon_peaceful_grove,
          gammafunk_ghost_gnarly_gnolls, serial_shops, kennysheep_little_box,
          uniq_eustachio
D:5:      lemuel_insect_pit, layout_rooms, nzn_wu_jian_contemplation,
          grunt_ministairs_8
D:6:      layout_basic, minmay_temple_entry_arrows, uniq_blork_the_orc
D:7:      minmay_angry_zag, layout_loops_ring, enter_bailey_6
D:8:      layout_loops_ring, lair_entry_dummy, nicolae_ossuary_entry_ruins,
          hangedman_abyss_or_decor_clamps, kennysheep_generic_room_2
D:9:      layout_loops_ring, nicolae_overflow_hidden_temple
D:10:     layout_stronghold, orc_0_dummy, uniq_maggie
Temple:   regret_index_temple_chain_breaker
Lair:1:   layout_gridlike, uniq_amaemon, uniq_gastronok
Lair:2:   layout_hall_layers, serial_bayou_ford_a,
          chequers_serial_rivers_micro_a, infiniplex_staircase_pool
Lair:3:   layout_layer_cave, skrybe_swamp_entry_bodies,
          guppyfry_snake_entry_island, serial_bayou_pond_d
Lair:4:   layout_cave_pods
Lair:5:   hangedman_lair_in_review, layout_gridlike, dpeg_slime_entry_enclosed,
          nicolae_lair_run_with_the_wolves, lemuel_fruit_tree
Orc:1:    layout_caves
Orc:2:    st_orc_open, layout_caves, serial_shops, nicolae_diamond_shop

Skill      XL: |  1  2  3  4  5  6  7  8  9 10 11 12 13 14 |
---------------+-------------------------------------------+-----
Axes           | 3 4 5 6 8 9 11 12 14 15 17 | 17.3
Fighting       | 4 5 6 7 8 9 10 11 | 11.9
Evocations     | 1 2 3 4 5 6 7 8 9 |  9.3
Throwing       | 1 2 3 4 5 6 7 8 |  8.6
Dodging        | 1 2 3 4 5 6 7 |  7.9
Armour         | 4 5 6 7 8 9 10 | 10.8
Shields        | 4 5 6 7 8 9 10 | 10.3

Action                   |  1- 3 |  4- 6 |  7- 9 | 10-12 | 13-15 || total
-------------------------+-------+-------+-------+-------+-------++-------
Melee: War axe           |   104 |   126 |   352 |   711 |   563 ||  1856
       Flail             |       |       |       |    16 |    13 ||    29
       Battleaxe         |       |       |       |       |   133 ||   133
Throw: Dart              |    17 |    27 |    11 |       |       ||    55
       Javelin           |       |    24 |     6 |     2 |       ||    32
       Boomerang         |       |       |       |    14 |    54 ||    68
       Throwing net      |       |       |       |     1 |       ||     1
Invok: Berserk           |       |       |     1 |     4 |     7 ||    12
       Trog's Hand       |       |       |       |     5 |     7 ||    12
Evoke: Wand              |       |     2 |     2 |     8 |    16 ||    28
  Use: Scroll            |     2 |     8 |     8 |     8 |     8 ||    34
       Potion            |     1 |     3 |     8 |     6 |     1 ||    19
 Stab: Invisible         |       |       |     7 |       |       ||     7
       Distracted        |       |       |       |     3 |       ||     3
       Paralysed         |       |       |       |     7 |     4 ||    11
       Petrifying        |       |       |       |       |     2 ||     2
Armor: Scale mail        |    16 |       |       |       |       ||    16
       Chain mail        |    48 |    54 |       |   330 |   410 ||   842
       Plate armour      |       |   147 |   159 |     8 |       ||   314
       Skin              |       |       |     9 |       |       ||     9
Dodge: Dodged            |    46 |    86 |    87 |   205 |   301 ||   725
Block: Buckler           |    20 |    48 |   164 |   315 |   303 ||   850
       Reflection        |       |       |       |     1 |     7 ||     8
       Other             |       |       |       |       |    28 ||    28
